 Dungeon Crawl Stone Soup version 0.28-a0-704-g4d584c6bc1 (webtiles) character file.

Game seed: 17038421330959736969

15 Lekart the Skirmisher (level 2, 0/26 HPs)
             Began as a Draconian Fighter on Oct 24, 2021.
             Slain by a kobold (3 damage)
             ... on level 1 of the Dungeon.
             The game lasted 00:00:25 (187 turns).

Lekart the Skirmisher (Draconian Fighter)            Turns: 187, Time: 00:00:25

Health: 0/26       AC:  4    Str: 18    XL:     2   Next: 34%
Magic:  2/2        EV: 12    Int:  8    God:
Gold:   16         SH:  4    Dex: 10    Spells: 1/1 levels left

rFire   . . .      SeeInvis .   a - +0 long sword
rCold   . . .      Faith    .   b - +0 buckler
rNeg    . . .      Spirit   .   (armour unavailable)
rPois   .          Reflect  .   (helmet restricted)
rElec   .          Harm     .   (no cloak)
rCorr   .          Rampage  .   (no gloves)
Will    .....                   (no boots)
Stlth   +.........              (no amulet)
HPRegen 0.08/turn               (no ring)
MPRegen 0.08/turn               (no ring)

@: no status effects
A: AC +4, unfitting armour, cold-blooded
a: no special abilities


You were on level 1 of the Dungeon.
You visited 1 branch of the dungeon, and saw 1 of its levels.

You collected 16 gold pieces.

Inventory:

Hand Weapons
 a - a +0 long sword (weapon)
Armour
 b - a +0 buckler (worn)
Potions
 c - a potion of might


   Skills:
 + Level 3.5 Fighting
 + Level 2.1 Long Blades
 + Level 2.9 Dodging
 + Level 3.2 Shields


You had one spell level left.
You didn't know any spells.
Your spell library was empty.

Dungeon Overview and Level Annotations

Branches:
Dungeon (1/15)

Altars:


Innate Abilities, Weirdness & Mutations

Your plain brown scales are hard. (AC +4)
You cannot fit into any form of body armour.
You are cold-blooded and may be slowed by cold attacks.


Message History

You are too injured to fight recklessly!
You are too injured to fight recklessly!
You closely miss the hobgoblin. You tail-slap the hobgoblin.
The hobgoblin is severely wounded.
The hobgoblin hits you. The hobgoblin barely misses you.
You slash the hobgoblin!
You kill the hobgoblin!
The rat twitches its whiskers.
The ball python barely misses you. The ball python closely misses you.
You hit the ball python.
You kill the ball python!
The rat bites you.
You closely miss the rat. The rat bites you.
* * * LOW HITPOINT WARNING * * *
You hit the rat.
You kill the rat!
You closely miss the goblin. The goblin hits you with a +0 club.
* * * LOW HITPOINT WARNING * * *
You closely miss the goblin. The goblin hits you but does no damage.
You closely miss the goblin. The goblin closely misses you.
The goblin hits you but does no damage.
You hit the goblin.
You kill the goblin!
You hit the hobgoblin.
You kill the hobgoblin!
You barely miss the kobold. The kobold barely misses you.
The kobold hits you but does no damage.
You barely miss the kobold. You block the kobold's attack.
You barely miss the kobold. The kobold hits you with a +3 dagger.
* * * LOW HITPOINT WARNING * * *
You closely miss the kobold. The kobold barely misses you.
The kobold hits you with a +3 dagger.
* * * LOW HITPOINT WARNING * * *
You closely miss the kobold. You tail-slap the kobold.
The kobold is heavily wounded.
The kobold closely misses you.
You closely miss the kobold.
The kobold is heavily wounded.
The kobold hits you with a +3 dagger.
You die...

.8.......8.#...####
...........#......###
##.......###........#
.#...<...#........###
.#.......#........#
.#.......#........#
.#.......#........#
.#.......#....##K##
.###...###.gr.##@###
...#'''#.K....##..†###
..............####...#
..♣.....♣.....# ###.##
..............# #..#
..♣.....♣.....# ###.######
..............#####........#
..♣.....♣..................#
..............#####........#


You could see a kobold.

Vanquished Creatures
  A dart slug (D:1)
  2 endoplasms (D:1)
  A goblin (D:1)
  4 hobgoblins (D:1)
  2 ball pythons (D:1)
  A bat (D:1)
  A rat (D:1)
12 creatures vanquished.

Notes
Turn   | Place    | Note
-------+----------+-------------------------------------------
     0 | D:1      | Lekart the Draconian Fighter began the quest for the Orb.
     0 | D:1      | Reached XP level 1. HP: 19/19 MP: 1/1
   142 | D:1      | Reached XP level 2. HP: 16/26 MP: 2/2
   187 | D:1      | Slain by a kobold

Illustrated notes

Levels and vault maps discovered:
D:1:      wander_arrival_estate, layout_rooms, minmay_tall_x

Action                   || total
-------------------------++-------
Melee: Long sword        ||    36
       Tailslap          ||     3
Armor: Skin              ||    13
Dodge: Dodged            ||    25
Block: Buckler           ||     7

Table legend: (Time is in decaauts)
 A = Elapsed time spent in this place.
 B = Non-inter-level travel time spent in this place.
 C = Inter-level travel time spent in this place.
 D = Time resting spent in this place.
 E = Time spent auto-exploring this place.
 F = Levels seen in this place.
 G = Mean time per level.
                   A        B        C        D        E       F      G
               +--------+--------+--------+--------+--------+-----+--------+
         Total |    197 |    197 |      0 |      0 |    104 |   1 |  197.0 |
       Dungeon |    197 |    197 |      0 |      0 |    104 |   1 |  197.0 |
               +--------+--------+--------+--------+--------+-----+--------+

Top non-repeatable levels by time:
     D:1: 197 daAuts
